 Dungeon Crawl Stone Soup version 0.28-a0-422-gd71735cc25 (webtiles) character file.

Game seed: 1343717418555108208

6056 heikuro the Carver (level 11, -8/86 HPs)
             Began as a Formicid Fighter on Sept 8, 2021.
             Was an Elder of Makhleb.
             Mangled by Snorg (18 damage)
             ... on level 10 of the Dungeon.
             The game lasted 00:23:17 (11363 turns).

heikuro the Carver (Formicid Fighter)              Turns: 11363, Time: 00:23:17

Health: -8/86      AC: 16    Str: 22    XL:     11   Next: 11%
Magic:  16/16      EV: 14    Int:  9    God:    Makhleb [****..]
Gold:   450        SH: 11    Dex: 11    Spells: 10/10 levels left

rFire   . . .      SeeInvis +   B - +2 great sword (freeze)
rCold   . . .      Faith    .   c - +0 buckler
rNeg    . . .      Spirit   .   I - +0 swamp dragon scales
rPois   +          Reflect  +   (helmet unavailable)
rElec   .          Harm     .   o - +2 cloak
rCorr   .          Rampage  .   (no gloves)
Will    ++...      Clarity  +   g - +2 pair of boots
Stlth   +.........              q - amulet of reflection
HPRegen 0.24/turn               h - +4 ring of evasion
MPRegen 0.15/turn               t - ring of willpower

@: no status effects
A: permanent stasis, dig shafts and tunnels, antennae 3, four strong arms,
clarity, sense surroundings 1, MP-powered wands
a: Dig, Shaft Self, Renounce Religion, Minor Destruction, Lesser Servant of
Makhleb, Major Destruction


You were on level 10 of the Dungeon.
You worshipped Makhleb.
Makhleb was greatly pleased with you.
You visited 2 branches of the dungeon, and saw 11 of its levels.

You collected 450 gold pieces.

Inventory:

Hand Weapons
 f - a +0 dagger of draining
 n - a +2 dagger of venom
 B - a +2 great sword of freezing (weapon)
Missiles
 A - a curare-tipped dart
 D - 19 poisoned darts
Armour
 b - a scarf of resistance
 c - a +0 buckler (worn)
 g - a +2 pair of boots (worn)
 o - a +2 cloak (worn)
 y - a +0 plate armour
 I - +0 swamp dragon scales (worn)
Jewellery
 h - a +4 ring of evasion (left hand)
 p - an amulet of guardian spirit
 q - an amulet of reflection (around neck)
 t - a ring of willpower (right hand)
 J - a ring of protection from cold
Wands
 i - a wand of charming (4)
 k - a wand of flame (58)
 w - a wand of iceblast (19)
 x - a wand of acid (11)
 z - a wand of paralysis (9)
Scrolls
 a - 2 scrolls of acquirement {unknown}
 e - a scroll of fear {unknown}
 m - 3 scrolls of magic mapping {unknown}
 r - a scroll of blinking {unknown}
 C - a scroll of vulnerability {unknown}
 E - a scroll of enchant armour {unknown}
 F - a scroll of enchant weapon {unknown}
 G - a scroll of identify
Potions
 d - 3 potions of might
 j - 5 potions of curing
 l - a potion of ambrosia
 s - 2 potions of heal wounds
 u - a potion of berserk rage {unknown}
 v - 3 potions of mutation
 H - a potion of lignification {unknown}


   Skills:
 + Level 7.9 Fighting
 * Level 9.6 Long Blades
 + Level 8.0 Armour
 + Level 8.6 Shields
 + Level 7.5 Invocations


You had 10 spell levels left.
You didn't know any spells.
Your spell library contained the following spells:

 Spells                   Type           Power      Damage    Failure   Level
 Magic Dart               Conj           0%         1d3       52%         1
 Ensorcelled Hibernation  Hex/Ice        0%         N/A       67%         2
 Searing Ray              Conj           0%         2d4       67%         2
 Frozen Ramparts          Ice            0%         1d2       88%         3
 Inner Flame              Hex/Fire       0%         N/A       88%         3
 Spider Form              Tmut/Pois      0%         N/A       88%         3
 Tukima's Dance           Hex            0%         N/A       88%         3
 Cause Fear               Hex            0%         N/A       99%         4
 Fulminant Prism          Conj/Hex       0%         3d6       99%         4
 Ice Form                 Ice/Tmut       0%         N/A       99%         4
 Passage of Golubria      Tloc           N/A        N/A       99%         4
 Summon Ice Beast         Ice/Summ       0%         N/A       99%         4
 Yara's Violent Unravell  Hex/Tmut       0%         3d3       100%        5
 Discord                  Hex            0%         N/A       100%        8


Dungeon Overview and Level Annotations

Branches:
Dungeon (10/15)            Temple (1/1) D:4
   Lair: D:8-11         Orc: D:9-12

Altars:
Ashenzari
Cheibriados
Dithmenos
Elyvilon
Fedhas
Gozag
Hepliaklqana
Kikubaaqudgha
Makhleb
Nemelex Xobeh
Okawaru
Qazlal
Ru
Sif Muna
Trog
Uskayaw
Vehumet
Wu Jian
Xom
Yredelemnul
Zin
The Shining One

Shops:
D:5 =   D:10 (

Annotations:
D:8 2 transporters, SirDiesAlot's ghost, novice MiGl
D:10 Snorg


Innate Abilities, Weirdness & Mutations

You cannot be hasted, slowed, berserked, paralysed or teleported.
You can dig through walls and to a lower floor.
You have a pair of large antennae on your head. (SInv)
Your four strong arms can wield two-handed weapons with a shield.
You possess an exceptional clarity of mind.
You passively map a small area around you.
You expend magic power (3 MP) to strengthen your wands.


Message History

You slash Snorg! You freeze Snorg.
Snorg is heavily wounded.
You block Snorg's attack. Snorg claws you! Snorg closely misses you.
Snorg barely misses you. Snorg claws you but does no damage. Snorg claws you!
You closely miss Snorg.
Snorg is heavily wounded.
Snorg bites you. You block Snorg's attack. Snorg barely misses you.
You barely miss Snorg.
Snorg is moderately wounded.
Snorg goes berserk!
You closely miss Snorg.
Snorg is moderately wounded.
You block Snorg's attack. x3; Snorg closely misses you.
Snorg claws you. x2
You slice Snorg!! You freeze Snorg!
Snorg is heavily wounded.
Snorg bites you but does no damage. You block Snorg's attack. Snorg claws you.
Snorg barely misses you. Snorg claws you! Snorg misses you.
You slice Snorg!! You freeze Snorg!
Snorg is almost dead.
Snorg closely misses you. Snorg claws you! Snorg claws you.
A demon appears!
Snorg closely misses you. Snorg claws you.
* * * LOW HITPOINT WARNING * * *
You block Snorg's attack. Snorg bites you.
* * * LOW HITPOINT WARNING * * *
Snorg claws you.
* * * LOW HITPOINT WARNING * * *
You block Snorg's attack.
Your hellwing barely misses Snorg.
Your hellwing hits Snorg. You slash Snorg! You freeze Snorg.
Snorg is almost dead.
Snorg bites you.
* * * LOW HITPOINT WARNING * * *
Snorg misses you. x2; Snorg bites you.
* * * LOW HITPOINT WARNING * * *
Snorg claws you but does no damage. Snorg closely misses you.
Your hellwing hits Snorg! Your hellwing hits Snorg. You closely miss Snorg.
Snorg is almost dead.
Snorg closely misses you. You block Snorg's attack. Snorg claws you!!
You die...

#.......... * ,
#.......... *
##.........., *
#........... * *
#.>.........
#.....8.....
##..........., *
,* #8...<.......
*
###...@T....>..
, ,
#....∩4........
**,
#..........(...
#..>...8.......
#....†.######..,
*, #8.....# . *
, ,##.##..# #.
*##.#..# *,,
#..#####..#


You could see Snorg (berserk, ally target) and a friendly hellwing (summoned).

Vanquished Creatures
  Maggie (D:9)
  A hornet (D:10)
  2 wraiths
  2 wyverns (D:10)
  2 vampire mosquitoes (D:10)
  A steam dragon (D:7)
  Menkaure (D:5)
  Duvessa (D:5)
  A water moccasin (D:7)
  2 black bears
  An orc warrior (D:7)
  A sky beast (D:7)
  An ogre (D:5)
  A necrophage (D:6)
  3 centaurs
  A phantom (D:5)
  A bullfrog (D:7)
  A kobold brigand (D:8)
  A scorpion (D:7)
  Dowan (D:5)
  A wyvern zombie (D:7)
  A wyvern skeleton (D:6)
  A water moccasin zombie (D:5)
  17 killer bees
  4 wights (D:8)
  7 howler monkeys
  2 bullfrog zombies
  A centaur zombie (D:9)
  A hound (D:6)
  A jelly (D:7)
  2 centaur skeletons (D:7)
  A gnoll shaman (D:7)
  5 orc priests
  A bullfrog skeleton (D:5)
  Jessica (D:2)
  5 iguanas
  13 orc wizards
  Natasha (thrice) (D:2)
  Robin (D:3)
  6 gnolls
  6 adders
  3 white imps
  An ufetubus (D:5)
  An adder skeleton (D:2)
  2 worms
  3 dart slugs
  29 orcs
  5 endoplasms
  A giant cockroach (D:4)
  15 goblins
  12 hobgoblins
  11 kobolds
  A quokka (D:5)
  7 ball pythons
  10 bats
  7 frilled lizards
  7 rats
221 creatures vanquished.

Vanquished Creatures (collateral kills)
  A kobold demonologist (D:7)
  A basilisk (D:7)
  A hornet zombie (D:7)
  A bullfrog zombie (D:7)
  A hound (D:7)
  A jelly (D:7)
  An orc priest (D:7)
  5 orcs (D:7)
12 creatures vanquished.

Vanquished Creatures (others)
  3 plants
3 creatures vanquished.

Grand Total: 236 creatures vanquished

Notes
Turn   | Place    | Note
-------+----------+-------------------------------------------
     0 | D:1      | heikuro the Formicid Fighter began the quest for the Orb.
     0 | D:1      | Reached XP level 1. HP: 18/18 MP: 1/1
   185 | D:1      | Reached XP level 2. HP: 21/22 MP: 2/2
   684 | D:1      | Reached XP level 3. HP: 29/29 MP: 3/3
   879 | D:2      | Found a faded altar of an unknown god.
   884 | D:2      | Became a worshipper of Makhleb the Destroyer
   884 | D:2      | Reached * piety under Makhleb
  1078 | D:2      | Noticed Natasha
  1089 | D:2      | Killed Natasha
  1090 | D:2      | Reached skill level 3 in Long Blades
  1090 | D:2      | Reached skill level 1 in Invocations
  1090 | D:2      | Reached XP level 4. HP: 37/37 MP: 4/4
  1118 | D:2      | Noticed a black bear
  1130 | D:2      | Killed a black bear
  1131 | D:2      | Reached XP level 5. HP: 33/42 MP: 4/6
  1424 | D:2      | Noticed Jessica
  1436 | D:2      | Killed Jessica
  1437 | D:2      | Reached XP level 6. HP: 48/48 MP: 7/7
  1467 | D:2      | Noticed Natasha
  1481 | D:2      | Killed Natasha
  1932 | D:2      | Noticed Natasha
  1945 | D:2      | Killed Natasha
  2414 | D:3      | Reached skill level 4 in Long Blades
  2563 | D:3      | Reached ** piety under Makhleb
  2601 | D:3      | Noticed Robin
  2708 | D:3      | Killed Robin
  3412 | D:4      | Noticed a black bear
  3428 | D:4      | Killed a black bear
  3429 | D:4      | Reached XP level 7. HP: 47/55 MP: 8/8
  3488 | D:4      | Found a staircase to the Ecumenical Temple.
  3510 | Temple   | Entered the Ecumenical Temple
  3877 | D:4      | Reached skill level 5 in Shields
  4430 | D:4      | Found an iron altar of Okawaru.
  4483 | D:5      | Entered Level 5 of the Dungeon
  4514 | D:5      | Noticed Dowan
  4600 | D:5      | Gained mutation: You expend magic power (3 MP) to
                  | strengthen your wands. [potion of mutation]
  4600 | D:5      | Gained mutation: You passively map a small area around you.
                  | [potion of mutation]
  4600 | D:5      | Gained mutation: You possess an exceptional clarity of
                  | mind. [potion of mutation]
  4618 | D:5      | Noticed Menkaure
  4919 | D:5      | Found a radiant altar of Vehumet.
  4919 | D:5      | Found a glowing golden altar of the Shining One.
  4922 | D:5      | Found a shimmering altar of Xom.
  4956 | D:5      | Reached skill level 5 in Long Blades
  4976 | D:5      | Reached skill level 5 in Armour
  4976 | D:5      | Reached XP level 8. HP: 44/61 MP: 7/10
  5104 | D:5      | Found Maidink's Jewellery Boutique.
  5138 | D:5      | Reached skill level 5 in Fighting
  5191 | D:5      | Noticed Duvessa
  5199 | D:5      | Killed Duvessa
  5204 | D:5      | Killed Dowan
  5363 | D:5      | Killed Menkaure
  5504 | D:5      | Reached *** piety under Makhleb
  5998 | D:5      | Reached skill level 6 in Long Blades
  6615 | D:6      | Reached XP level 9. HP: 65/69 MP: 12/12
  7448 | D:6      | Reached skill level 5 in Invocations
  7584 | D:7      | Reached skill level 7 in Long Blades
  7860 | D:7      | Found an ancient bone altar of Kikubaaqudgha.
  7861 | D:7      | Found a glowing silver altar of Zin.
  7861 | D:7      | Found a snail-covered altar of Cheibriados.
  7863 | D:7      | Found a shimmering blue altar of Sif Muna.
  7864 | D:7      | Found a white marble altar of Elyvilon.
  7916 | D:7      | Reached **** piety under Makhleb
  8304 | D:7      | Reached XP level 10. HP: 74/77 MP: 14/14
  8318 | D:7      | Reached skill level 8 in Long Blades
  8367 | D:7      | Noticed a kobold demonologist
  8377 | D:7      | Noticed a sun demon
  8394 | D:7      | Killed a kobold demonologist
  9109 | D:8      | Noticed a moth of wrath
  9110 | D:8      | Noticed SirDiesAlot's ghost (novice MiGl)
  9843 | D:8      | Found a bloodstained altar of Trog.
  9846 | D:8      | Found a transporter.
 10005 | D:8      | Found a transporter.
 10703 | D:9      | Reached skill level 9 in Long Blades
 11023 | D:9      | Noticed Maggie
 11032 | D:9      | Killed Maggie
 11145 | D:10     | Entered Level 10 of the Dungeon
 11187 | D:10     | Found Ozustoc's Weapon Shop.
 11203 | D:10     | Reached XP level 11. HP: 85/85 MP: 16/16
 11348 | D:10     | Noticed Snorg
 11363 | D:10     | Mangled by Snorg

Illustrated notes

Levels and vault maps discovered:
D:1:      ebering_trefoil_twist, layout_loops_cross, minmay_tetromino_s2
D:2:      layout_loops_corners, chequers_ecumenical_altar_lobes,
          grunt_ministairs_2, uniq_jessica, uniq_natasha
D:3:      layout_basic, uniq_grinder, uniq_robin
D:4:      layout_loops_ring, okawaru_altar_gauntlet_db,
          minmay_temple_entry_overgrown, kennysheep_cluttered_room,
          wad_floor_pattern_untrapped, st_stairs_4, nicolae_underground_beach
D:5:      layout_loops_ring, nicolae_overflow_hidden_temple, serial_shops,
          nicolae_shop_statue_plus, uniq_duvessa, uniq_menkaure
D:6:      layout_loops_cross, nicolae_benzene_ring, roderic_lattice_a,
          serial_bayou_pond_a
D:7:      minmay_slanted_spiral_squares, layout_basic,
          grunt_temple_overflow_open, lemuel_another_geyser
D:8:      layout_gridville, gammafunk_ghost_wrathful_warriors
D:9:      layout_cave_pods, uniq_maggie
D:10:     layout_long_grid, serial_shops, nicolae_stop_n_shop_1, uniq_snorg
Temple:   oiseaux_autumnal_temple

Skill      XL: |  1  2  3  4  5  6  7  8  9 10 11 |
---------------+----------------------------------+-----
Shields        | 4 5 6 7 8 |  8.6
Long Blades    | 3 4 5 6 7 9 |  9.6
Invocations    | 1 2 3 4 5 7 |  7.5
Fighting       | 4 5 6 7 |  7.9
Armour         | 4 5 6 7 8 |  8.0

Action                   |  1- 3 |  4- 6 |  7- 9 | 10-12 || total
-------------------------+-------+-------+-------+-------++-------
Melee: Dagger            |    92 |   173 |   405 |    96 ||   766
       Long sword        |     6 |       |    37 |    69 ||   112
       Great sword       |       |       |       |    62 ||    62
Invok: Minor Destruction |       |       |    43 |     7 ||    50
       Lesser Servant of |       |       |     1 |     3 ||     4
       Major Destruction |       |       |       |     1 ||     1
 Abil: Dig               |       |       |     4 |     5 ||     9
  Use: Scroll            |       |       |     4 |     2 ||     6
       Potion            |       |       |     1 |       ||     1
Armor: Scale mail        |    54 |    79 |    58 |       ||   191
       Chain mail        |       |       |   108 |    14 ||   122
       Plate armour      |       |       |       |    83 ||    83
       Swamp dragon scal |       |       |       |    13 ||    13
Dodge: Dodged            |    27 |    58 |   177 |   105 ||   367
Block: Buckler           |     9 |    23 |   111 |   113 ||   256
       Reflection        |       |       |       |     2 ||     2

Table legend: (Time is in decaauts)
 A = Elapsed time spent in this place.
 B = Non-inter-level travel time spent in this place.
 C = Inter-level travel time spent in this place.
 D = Time resting spent in this place.
 E = Time spent auto-exploring this place.
 F = Levels seen in this place.
 G = Mean time per level.
                   A        B        C        D        E       F      G
               +--------+--------+--------+--------+--------+-----+--------+
         Total |  11269 |  10710 |    559 |   2294 |   5758 |  11 | 1024.5 |
       Dungeon |  11041 |  10491 |    550 |   2294 |   5551 |  10 | 1104.1 |
        Temple |    228 |    219 |      9 |      0 |    206 |   1 |  228.0 |
               +--------+--------+--------+--------+--------+-----+--------+

Top non-repeatable levels by time:
     D:7: 1589 daAuts
     D:5: 1358 daAuts
     D:6: 1297 daAuts
     D:4: 1280 daAuts
     D:2: 1269 daAuts
     D:3: 1220 daAuts
     D:8: 1037 daAuts
     D:9: 918 daAuts
     D:1: 847 daAuts
  Temple: 228 daAuts
    D:10: 222 daAuts
